 Dungeon Crawl Stone Soup version 0.18-a0-1800-gdc7a371 (webtiles) character file.

7007 Minkie the Cleaver (level 11, -11/82 HPs)
             Began as a Vine Stalker Berserker on Apr 25, 2016.
             Was a High Priest of Trog.
             Mangled by a polar bear (18 damage)
             ... on level 11 of the Dungeon.
             The game lasted 00:37:09 (7768 turns).

Minkie the Cleaver (Vine Stalker Berserker)         Turns: 7768, Time: 00:37:09

Health: -11/82     AC: 18    Str: 25    XL:     11   Next: 8%
Magic:  0/15       EV: 14    Int:  9    God:    Trog [*****.]
Gold:   241        SH:  0    Dex: 20    Spells: 0 memorised, 10 levels left

rFire  . . .     SeeInvis .     N - +4 broad axe of Capital Punishment {chop, rN++ MR+}
rCold  . . .     Gourm    .     E - +5 scale mail "Ihodwete" {rN+ Dex+3}
rNeg   + + +     Faith    .     (no shield)
rPois  .         Spirit   +     v - +2 hat
rElec  .         Dismiss  .     T - +0 cloak
rCorr  .         Reflect  .     U - +0 pair of gloves
SustAt .         Harm     .     V - +0 pair of boots
MR     +++++     Rnd*Rage +     (no amulet)
Stlth  ..........               F - +4 ring of evasion
                                k - ring of protection from magic

@: berserking, regenerating, very quick, almost entirely resistant to hostile
enchantments, extremely unstealthy
A: fangs 3, berserk 1, clever 1, regeneration 2, magic shield, antimagic bite,
no device heal 3, rot immunity, MP-powered wands
a: Berserk, Trog's Hand, Brothers in Arms, Burn Spellbooks, Renounce Religion


You were on level 11 of the Dungeon.
You worshipped Trog.
Trog was extremely pleased with you.
You were not hungry.

You visited 2 branches of the dungeon, and saw 12 of its levels.

You collected 449 gold pieces.
You spent 208 gold pieces at shops.

Inventory:

Hand Weapons
 a - a +1 hand axe of flaming
 w - a +1 shortbow of flaming
 N - the +4 broad axe of Capital Punishment (weapon) {chop, rN++ MR+}
   (Trog gifted it to you on level 8 of the Dungeon)

   It inflicts extra damage upon your enemies.
   It greatly protects you from negative energy.
   It affects your resistance to hostile enchantments.
Missiles
 u - 2 throwing nets (quivered)
 y - 152 arrows
Armour
 v - a +2 hat (worn)
 E - the +5 scale mail "Ihodwete" (worn) {rN+ Dex+3}
   (You found it on level 5 of the Dungeon)

   It affects your dexterity (+3).
   It protects you from negative energy.
 T - a +0 cloak (worn)
 U - a +0 pair of gloves (worn)
 V - a +0 pair of boots (worn)
Jewellery
 k - a ring of protection from magic (left hand)
 q - an uncursed ring of sustain attributes
 F - a +4 ring of evasion (right hand)
Wands
 A - a wand of paralysis (9/24)
 D - a wand of flame (24/48)
 I - a wand of paralysis (12/24)
 J - a wand of digging (8/24)
Scrolls
 b - 2 scrolls of teleportation
 d - 4 scrolls of remove curse {unknown}
 h - 4 scrolls of random uselessness {unknown}
 i - 3 scrolls of enchant armour {unknown}
 l - 2 scrolls of enchant weapon {unknown}
 o - a scroll of summoning {unknown}
 p - 2 scrolls of immolation {unknown}
 t - a scroll of identify
 x - 3 scrolls of fog
 z - 2 scrolls of magic mapping
 B - a scroll of fear {unknown}
 C - 2 scrolls of noise {unknown}
 H - a scroll of amnesia {unknown}
 O - 2 scrolls of blinking {unknown}
Potions
 e - a potion of cancellation {unknown}
 g - 3 potions of lignification
 m - 5 potions of haste
 n - 2 potions of resistance
 r - 2 potions of agility
 s - 2 potions of flight
 L - 3 potions of curing {unknown}
 Q - 2 potions of ambrosia {unknown}
 R - a potion of cure mutation
Comestibles
 c - 6 bread rations
 f - 5 meat rations
 j - a slice of pizza
 M - a chunk of flesh
 P - a beef jerky


   Skills:
 - Level 5.0 Fighting
 * Level 10.1 Axes
 + Level 6.5 Armour
 + Level 6.4 Dodging
 - Level 5.0 Evocations


You had 10 spell levels left.
You didn't know any spells.

Dungeon Overview and Level Annotations

Branches:
Dungeon (11/15)            Temple (0/1) D:5            Lair (1/8) D:8
    Orc (0/2) D:10

Altars:
Dithmenos
Kikubaaqudgha
Nemelex Xobeh
Okawaru
Pakellas
Ru
Trog
The Shining One

Shops:
D:5 ?   D:6 *

Annotations:
D:11 Arglure's ghost, journeyman MfGl


Innate Abilities, Weirdness & Mutations

You have razor-sharp teeth.
You heal very quickly.
When hurt, damage is shared between your health and your magic reserves.
Your bite disrupts and absorbs the magic of your enemies.
Potions and wands cannot restore your health.
You are immune to rotting.
You tend to lose your temper in combat.
Your mind is acute. (Int +2)
You expend magic power (3 MP) to strengthen your wands.


Message History

The polar bear is severely wounded.
The troll bites you! The troll barely misses you. The troll closely misses you.
The polar bear goes berserk!
You hit the troll. Your bite misses the troll.
The troll is moderately wounded.
You slash the polar bear!
The polar bear is almost dead.
You hit the polar bear.
The polar bear is severely wounded.
You completely miss Arglure's ghost.
The polar bear bites you but does no damage.
The polar bear closely misses you.
The polar bear claws you but does no damage.
Arglure's ghost hits you!!
* * * LOW HITPOINT WARNING * * *
The troll bites you but does no damage. The troll completely misses you.
The troll closely misses you. The polar bear completely misses you.
The polar bear misses you. The polar bear closely misses you.
The polar bear bites you!!
You die...

... .. ... #..
... #...#.#
#...#.# #...#.# #
###...#h#.#
#.....§@#.#
#.....hWT.# # #
#.......###.#..
#.#.......>..?...
#........†....#.#
#.......#####
#.......#
#.#.#..?......
#.#.#..≈≈≈.?..


You could see 2 polar bears, a troll and Arglure's ghost.

Vanquished Creatures
  A hill giant (D:10)
  Grinder (D:5)
  A two-headed ogre (D:8)
  A wyvern (D:10)
  A hippogriff (D:9)
  The ghost of TheGoonsmith the Conjurer, an amateur OpWz (D:4)
  Edmund (D:5)
  Duvessa (D:6)
  4 water moccasins (Lair:1)
  8 orc warriors
  A sky beast (D:5)
  2 ice beasts
  3 black bears
  3 phantoms
  A necrophage (D:7)
  An ogre (D:10)
  4 centaurs
  2 crocodiles (D:8)
  A big kobold (D:7)
  4 giant frogs
  Dowan (D:6)
  A scorpion (D:7)
  6 killer bees
  3 wights (D:8)
  3 crimson imps
  2 centaur zombies
  4 orc priests
  16 orc wizards
  2 centaur skeletons
  5 jellies
  6 hounds
  3 iguanas
  A giant frog skeleton (D:5)
  12 worker ants
  A hound zombie (D:7)
  A hound skeleton (D:3)
  A killer bee simulacrum (D:11)
  A worker ant zombie (D:7)
  13 gnolls
  12 adders
  2 howler monkey skeletons
  2 river rats (D:8)
  3 shadow imps
  2 oozes
  An adder zombie (D:7)
  4 worms
  A dart slug (D:2)
  5 giant geckos
  53 orcs
  3 giant cockroaches
  8 goblins
  11 hobgoblins
  6 jackals
  5 quokkas
  3 ball pythons
  17 bats
  3 giant newts
  13 kobolds
  A quokka skeleton (D:6)
  A quokka zombie (D:5)
  17 rats
  6 fungi
  2 plants
305 creatures vanquished.

Vanquished Creatures (others)
  A hydra (D:8)
  11 fungi (D:8)
  4 plants (D:8)
16 creatures vanquished.

Grand Total: 321 creatures vanquished

Notes
Turn   | Place    | Note
--------------------------------------------------------------
     0 | D:1      | Minkie the Vine Stalker Berserker began the quest for the Orb.
     0 | D:1      | Reached XP level 1. HP: 11/11 MP: 2/2
    59 | D:1      | Reached skill level 3 in Axes
    59 | D:1      | Reached XP level 2. HP: 11/16 MP: 3/3
   310 | D:1      | Reached ** piety under Trog
   390 | D:1      | Reached XP level 3. HP: 19/19 MP: 4/4
  1109 | D:2      | Reached XP level 4. HP: 23/23 MP: 5/5
  1113 | D:2      | Reached *** piety under Trog
  1282 | D:2      | Found a sparkling altar of Nemelex Xobeh.
  1498 | D:3      | Found a faded altar to an unknown god.
  1660 | D:3      | Reached XP level 5. HP: 19/28 MP: 6/6
  1669 | D:3      | Reached skill level 4 in Axes
  1685 | D:3      | Found a shadowy altar of Dithmenos.
  1820 | D:3      | Found a bloodstained altar of Trog.
  1851 | D:3      | Gained mutation: You heal very quickly. [Vine Stalker growth]
  1851 | D:3      | Reached XP level 6. HP: 31/32 MP: 7/7
  2392 | D:4      | Noticed TheGoonsmith's ghost (amateur OpWz)
  2401 | D:4      | Killed TheGoonsmith's ghost
  2401 | D:4      | Reached skill level 1 in Evocations
  2410 | D:4      | Reached XP level 7. HP: 37/37 MP: 9/9
  2566 | D:4      | Reached **** piety under Trog
  2626 | D:4      | Found a sacrificial altar of Ru.
  2719 | D:4      | Reached skill level 5 in Axes
  2735 | D:4      | Found an ancient bone altar of Kikubaaqudgha.
  2812 | D:5      | Entered Level 5 of the Dungeon
  2906 | D:5      | Got a dazzling scale mail
  2917 | D:5      | Identified the +5 scale mail "Ihodwete" {rN+ Dex+3} (You found it on level 5 of the Dungeon)
  2938 | D:5      | Noticed Edmund
  2946 | D:5      | Killed Edmund
  3009 | D:5      | Found Ceaclip's Magic Scroll Shop.
  3020 | D:5      | Bought a scroll of identify for 26 gold pieces
  3020 | D:5      | Bought a scroll of teleportation for 39 gold pieces
  3020 | D:5      | Bought a scroll of identify for 26 gold pieces
  3020 | D:5      | Bought a scroll of magic mapping for 45 gold pieces
  3020 | D:5      | Bought a scroll of fog for 26 gold pieces
  3142 | D:5      | Gained mutation: You have razor-sharp teeth. [Vine Stalker growth]
  3142 | D:5      | Reached XP level 8. HP: 42/42 MP: 10/10
  3251 | D:5      | Found an iron altar of Okawaru.
  3341 | D:5      | Noticed Grinder
  3350 | D:5      | Killed Grinder
  3350 | D:5      | Reached skill level 6 in Axes
  3435 | D:5      | Found a staircase to the Ecumenical Temple.
  3859 | D:6      | Reached ***** piety under Trog
  3971 | D:6      | Found Boeryax's Assorted Antiques.
  3978 | D:6      | Bought a scroll of identify for 46 gold pieces
  4149 | D:6      | Noticed Duvessa
  4151 | D:6      | Noticed Dowan
  4174 | D:6      | Killed Duvessa
  4174 | D:6      | Reached XP level 9. HP: 46/46 MP: 12/12
  4180 | D:6      | Killed Dowan
  4307 | D:6      | Reached skill level 5 in Fighting
  4368 | D:6      | Reached skill level 7 in Axes
  5322 | D:8      | Received a gift from Trog
  5322 | D:8      | Reached skill level 5 in Armour
  5348 | D:8      | Reached skill level 8 in Axes
  5366 | D:8      | Reached skill level 5 in Dodging
  5385 | D:8      | Reached XP level 10. HP: 51/51 MP: 14/14
  5391 | D:8      | Got a brightly glowing broad axe {god gift}
  5395 | D:8      | Identified the +4 broad axe of Capital Punishment {chop, rN++ MR+} (Trog gifted it to you on level 8 of the Dungeon)
  5523 | D:8      | Reached skill level 5 in Evocations
  5666 | D:8      | Got an ichor-stained whip
  5667 | D:8      | Identified the +7 whip of Ascent {speed, Fragile +Blink MP+9 Int+6} (You found it on level 8 of the Dungeon)
  5965 | D:8      | Found an oddly glowing altar of Pakellas.
  5965 | D:8      | Noticed a six-headed hydra
  5977 | D:8      | Killed a six-headed hydra
  6143 | D:8      | Found a staircase to the Lair.
  6495 | D:9      | Reached skill level 9 in Axes
  6997 | D:9      | Found a glowing golden altar of the Shining One.
  7107 | Lair:1   | Entered Level 1 of the Lair of Beasts
  7237 | Lair:1   | Gained mutation: You expend magic power (3 MP) to strengthen your wands. [potion of mutation]
  7237 | Lair:1   | Gained mutation: You tend to lose your temper in combat. [potion of mutation]
  7237 | Lair:1   | Gained mutation: Your mind is acute. (Int +2) [potion of mutation]
  7276 | D:10     | Entered Level 10 of the Dungeon
  7276 | D:10     | Noticed a hill giant
  7282 | D:10     | Killed a hill giant
  7282 | D:10     | Reached XP level 11. HP: 55/55 MP: 12/15
  7293 | D:10     | Reached skill level 10 in Axes
  7498 | D:10     | Found a staircase to the Orcish Mines.
  7716 | D:11     | Noticed Arglure's ghost (journeyman MfGl)
  7768 | D:11     | Mangled by a polar bear

Vault maps used:
D:1:      dpeg_arrival_ratfight
D:2:      marbit_many_paths, first_bread
D:3:      bloody_trog, old_standard_altar, ecumenical_altar_1
D:4:      nicolae_ru_awakened_eye, kiku_gazebo_pond_becter
D:5:      kennysheep_mini_moat, minmay_temple_entry_poolview, serial_shops,
          shop, minmay_misc_feat_pillars, glass_columns_c, uniq_edmund,
          uniq_grinder
D:6:      serial_shops, nicolae_shop_crystal, zaba_anthole,
          hangedman_decor_peaks_small, uniq_duvessa
D:8:      gammafunk_pakellas_cloud_experiment, grunt_lair_entry_orc_guard_hut
D:9:      tso_altar
D:10:     orc_0_dummy
D:11:     serial_ice, serial_ice_j, serial_ice_a, serial_ice_o, serial_ice_g,
          portal_ice_cave_entry_ice_beasts, enter_trove_5
Lair:1:   cheibrodos_lair_reptile_den, serial_bayou_shore_b, uniq_urug,
          uniq_gastronok

Skill      XL: |  1  2  3  4  5  6  7  8  9 10 11 |
---------------+----------------------------------+-----
Axes           | 3 4 5 6 8 9 10 | 10.1
Dodging        | 2 3 4 5 6 |  6.4
Armour         | 2 3 4 5 6 |  6.5
Fighting       | 3 4 5 |  5.0
Evocations     | 1 2 3 4 5 |  5.0

Action                   |  1- 3 |  4- 6 |  7- 9 | 10-12 || total
-------------------------+-------+-------+-------+-------++-------
Melee: Hand axe          |   103 |   128 |   435 |     3 ||   669
       Bite              |    29 |    39 |   173 |    83 ||   324
       Broad axe         |       |       |       |   193 ||   193
       Whip              |       |       |       |    20 ||    20
Invok: Trog's Hand       |       |     2 |     4 |     1 ||     7
       Berserk           |       |     1 |     4 |     2 ||     7
  Use: Scroll            |       |       |     7 |     2 ||     9
       Potion            |       |       |       |     1 ||     1
  Eat: Chunk             |     1 |     4 |    12 |     9 ||    26
       Bread ration      |       |       |     1 |       ||     1
Armor: Ring mail         |    46 |    54 |       |       ||   100
       Chain mail        |       |     6 |    19 |       ||    25
       Scale mail        |       |       |   123 |    74 ||   197
Dodge: Dodged            |    90 |    62 |   342 |   239 ||   733
